 Dungeon Crawl Stone Soup version 0.26-a0-663-g36e8fdb655 (webtiles) character file.

Game seed: 14790470886105017659

152730 nomicflux the Earth Mage (level 17, 0/110 HPs)
             Began as a Gargoyle Earth Elementalist on Oct 11, 2020.
             Was the Champion of Vehumet.
             Killed by the air
             ... invoked by a wind drake
              (27 damage)
             ... on level 2 of the Shoals.
             The game lasted 02:28:50 (41637 turns).

nomicflux the Earth Mage (GrEE)                    Turns: 41637, Time: 02:28:51

Health: 0/110      AC: 42    Str: 14    XL:     17   Next: 58%
Magic:  5/31       EV: 13    Int: 27    God:    Vehumet [******]
Gold:   1943       SH:  5    Dex: 13    Spells: 11/36 levels left

rFire    . . .     SeeInvis .   n - +7 sceptre of Torment {pain, torment}
rCold    . . .     Faith    .   o - +0 buckler
rNeg     + + .     Spirit   .   O - +5 pearl dragon scales of Awe {rN+ rCorr}
rPois    ∞         Reflect  .   L - +0 helmet of Least Resistance {rPois Dex+3 Stlth+}
rElec    +         Harm     .   M - +0 cloak "Posasox" {+Inv}
rCorr    +         Rampage  .   x - +0 pair of gloves
MR       +....                  r - +0 pair of boots
Stlth    +.........             (no amulet)
HPRegen  0.28/turn              k - ring of wizardry
MPRegen  0.22/turn              m - +6 ring of intelligence

@: flying
A: big wings, iridescent scales 1, yellow scales 1, negative energy resistance
1, electricity resistance, unbreathing, petrification resistance, rot immunity,
AC +12
a: Stop Flying, Renounce Religion, Evoke Invisibility


You were on level 2 of the Shoals.
You worshipped Vehumet.
Vehumet was exalted by your worship.
You visited 6 branches of the dungeon, and saw 27 of its levels.
You also visited: Gauntlet.

You collected 3196 gold pieces.
You spent 1253 gold pieces at shops.

Inventory:

Hand Weapons
 n - the +7 sceptre of Torment (weapon) {pain, torment}
   (You took it off an orc on level 8 of the Dungeon)

   In the hands of one skilled in necromantic magic, it inflicts extra damage on
   living creatures.
 K - the +2 lajatang of Disintegration {speed, rElec}
   (You took it off an orc on level 8 of the Dungeon)

   Attacks with this weapon are significantly faster.
   It insulates you from electricity.
Missiles
 b - 973 stones (quivered)
Armour
 o - a +0 buckler (worn)
 r - a +0 pair of boots (worn)
 x - a +0 pair of gloves (worn)
 G - a +0 kite shield of reflection
 L - the +0 helmet of Least Resistance (worn) {rPois Dex+3 Stlth+}
   (You found it in a Gauntlet)

   It affects your dexterity (+3).
   It protects you from poison.
   It makes you more stealthy.
 M - the +0 cloak "Posasox" (worn) {+Inv}
   (You bought it in a shop on level 2 of the Orcish Mines)

   It lets you turn invisible.
 O - the +5 pearl dragon scales of Awe (worn) {rN+ rCorr}
   (You took it off a minotaur in a Gauntlet)

   It protects you from negative energy.
   It provides partial protection from all sources of acid and corrosion.
Magical Staves
 d - an uncursed staff of conjuration
Jewellery
 i - a +4 ring of protection
 k - a ring of wizardry (left hand)
 l - a +6 ring of intelligence
 m - a +6 ring of intelligence (right hand)
 q - the amulet "Yseymuips" {Faith *Corrode +Blink Int+6, unknown}
   (You found it on level 1 of the Shoals)

   [amulet of faith]

   It allows you to gain divine favour quickly.
   It affects your intelligence (+6).
   It lets you blink.
   It may corrode you when you take damage.
 y - an uncursed ring of protection from magic
Wands
 c - a wand of acid (35)
 A - a wand of iceblast (22)
 C - a wand of disintegration (39)
 N - a wand of digging (16)
Scrolls
 a - 10 scrolls of identify
 g - a scroll of blinking
 j - 8 scrolls of teleportation
 p - 2 scrolls of enchant armour
 t - 2 scrolls of fear
 u - 6 scrolls of remove curse
 w - 11 scrolls of magic mapping
 J - 2 scrolls of fog
Potions
 e - 18 potions of curing
 f - 5 potions of might
 h - 2 potions of ambrosia
 s - a potion of berserk rage
 z - a potion of cancellation
 B - 4 potions of resistance
 H - 7 potions of haste
 Q - 5 potions of heal wounds
 R - 2 potions of brilliance


   Skills:
 + Level 13.9 Fighting
 + Level 8.5(10.1) Maces & Flails
 - Level 8.5(10.0) Staves
 + Level 11.3 Armour
 - Level 8.0 Dodging
 - Level 2.1 Stealth
 - Level 4.4 Shields
 + Level 10.4 Spellcasting
 + Level 12.1 Conjurations
   Level 0.7 Transmutations
 - Level 8.0 Fire Magic
 + Level 15.3 Earth Magic
 - Level 3.0 Evocations


You had 11 spell levels left.
You knew the following spells:

 Your Spells              Type           Power        Failure   Level
a - Sandblast             Erth           ######       1%          1
b - Stone Arrow           Conj/Erth      ######       1%          3
c - Lee's Rapid Deconstr  Erth           #######...   1%          5
d - Iron Shot             Conj/Erth      ######....   1%          6
e - Bolt of Magma         Conj/Fire/Erth ######....   1%          5
f - Fireball              Conj/Fire      ######....   1%          5

Your spell library contained the following spells:

 Spells                   Type           Power        Failure   Level
 Lightning Bolt           Conj/Air       #####.....   4%          5
 Magic Dart               Conj           ####         1%          1
 Passwall                 Tmut/Erth      ######..     1%          2
 Searing Ray              Conj           ######       1%          2
 Conjure Flame            Conj/Fire      ######..     1%          3
 Dazzling Flash           Conj/Hex       #####.       1%          3
 Inner Flame              Hex/Fire       #####...     1%          3
 Mephitic Cloud           Conj/Pois/Air  #####...     1%          3
 Fulminant Prism          Conj/Hex       #####.....   1%          4
 Iskenderun's Mystic Bla  Conj/Tloc      #####...     1%          4
 Iskenderun's Battlesphe  Conj           ######..     1%          5
 Leda's Liquefaction      Hex/Erth       ######....   2%          4
 Petrify                  Tmut/Erth      ######..     2%          4
 Animate Skeleton         Necr           ##....       6%          1
 Apportation              Tloc           ##....       6%          1
 Corona                   Hex            ##.....      6%          1
 Summon Small Mammal      Summ           ##..         6%          1
 Ensorcelled Hibernation  Hex/Ice        ##....       10%         2
 Poisonous Vapours        Pois/Air       ##....       10%         2
 Slow                     Hex            ##......     10%         2
 Orb of Destruction       Conj           ######....   11%         7
 Confusing Touch          Hex            ##......     19%         3
 Gell's Gravitas          Tloc           ##........   19%         3
 Portal Projectile        Hex/Tloc       ##....       19%         3
 Tukima's Dance           Hex            ##......     19%         3
 Yara's Violent Unravell  Hex/Tmut       ###.......   34%         5
 Lehudib's Crystal Spear  Conj/Erth      ######....   34%         8
 Freezing Cloud           Conj/Ice/Air   #####.....   41%         6
 Cause Fear               Hex            ##........   52%         4
 Spellforged Servitor     Conj/Summ      #####.....   67%         7
 Metabolic Englaciation   Hex/Ice        ##........   85%         5
 Chain Lightning          Conj/Air       #####.....   99%         8
 Absolute Zero            Ice            ##........   100%        9
 Fire Storm               Conj/Fire      ######....   100%        9


Dungeon Overview and Level Annotations

Branches:
Dungeon (15/15)            Temple (1/1) D:5            Lair (6/6) D:9
 Shoals (2/4) Lair:3        Snake (0/4) Lair:3        Slime (0/5) Lair:6
    Orc (2/2) D:12            Elf (1/3) Orc:2        Vaults (0/5) D:13
 Depths (0/5) D:15        Gauntlet (visited)

Altars:
Ashenzari
Cheibriados
Dithmenos
Elyvilon
Fedhas
Gozag
Hepliaklqana
Kikubaaqudgha
Makhleb
Nemelex Xobeh
Okawaru
Qazlal
Ru
Sif Muna
Trog
Uskayaw
Vehumet
Wu Jian
Xom
Yredelemnul
Zin
The Shining One

Shops:
D:7 (   D:10 :   D:11 ?   D:13 *   D:14 }   Orc:2 ?![[   Elf:1 }[([

Annotations:
D:4 1 runed translucent door, YayAnonymity's ghost, amateur TrHu
D:12 2 transporters, Xeikkuus's ghost, journeyman MiFi
D:14 3 runed translucent doors, Cicylist's ghost, journeyman FoFi; Wogiaph's ghost, journeyman OgTm; jasper's ghost, journeyman DECj


Innate Abilities, Weirdness & Mutations

You are resistant to torment.
Your stone body is resilient. (AC +12)
You are immune to poison.
Your large and strong wings let you fly indefinitely.
You resist negative energy. (rN+)
You are resistant to electric shocks. (rElec)
You can survive without breathing.
You are immune to petrification.
You are immune to rotting.
You are partially covered in iridescent scales. (AC +2)
You are partially covered in yellow scales. (AC +2)


Message History

* * * LOW HITPOINT WARNING * * *
The wind drake flaps its wings at you.
The air twists around and violently strikes you in flight.
The wind drake bites you but does no damage.
The wind drake exhales a fierce blast of wind!
You are blown backwards!
The snapping turtle is blown away by the wind.
You feel much better. The wind drake flaps its wings at you.
The air twists around and violently strikes you in flight!!
* * * LOW HITPOINT WARNING * * *
The alligator snapping turtle bites you but does no damage.
The snapping turtle closely misses you.
You feel much better.
The alligator snapping turtle barely misses you.
The snapping turtle bites you but does no damage.
The snapping turtle misses you. The wind drake flaps its wings at you.
The air twists around and violently strikes you in flight!!
You die...

......# ≈≈≈ #........
≈≈≈...≈≈..≈..# ##≈......
≈≈≈........P. .........
≈≈..≈≈...... ....≈≈≈≈≈.
........≈..
.≈≈≈≈≈≈....###......≈≈≈.
.≈≈≈≈≈......#.....≈≈≈≈.≈
≈≈≈≈≈..≈..........≈≈≈≈..≈
≈≈≈≈≈≈≈≈≈≈≈....≈@≈≈≈≈≈.≈≈≈...
≈≈≈≈≈≈≈≈≈..≈≈..≈≈≈≈≈≈≈..≈≈....
≈≈≈≈≈≈≈≈≈...≈≈≈≈≈≈.≈≈≈..≈≈.#..≈
≈≈≈≈≈≈≈≈≈≈≈..≈k≈t≈t≈≈...≈.....≈≈
≈≈≈≈≈≈≈≈≈≈≈≈≈≈.≈≈≈≈≈≈....≈≈..≈≈≈≈
≈≈≈≈≈≈≈≈≈≈≈≈≈≈≈≈≈≈≈≈≈.≈≈≈≈≈....≈≈
≈≈≈≈≈≈≈≈≈≈≈≈≈≈≈≈≈≈≈≈≈≈≈≈≈≈≈≈≈≈≈.≈
≈≈≈≈≈≈≈≈≈≈≈≈≈≈≈≈≈≈≈≈≈≈≈≈≈≈≈≈≈.≈..
..≈≈≈≈≈≈≈≈≈≈≈≈≈≈≈≈≈≈≈≈≈≈≈≈≈≈....≈


You could see an alligator snapping turtle, a snapping turtle and a wind drake
(repels missiles).

Vanquished Creatures
  Donald (Orc:1)
  The ghost of TuffENuff the Formicid Cataclysm, a journeyman FoFi of Qazlal (D:15)
  A minotaur (Gauntlet)
  A merfolk javelineer (Shoals:1)
  A deep elf death mage (Elf:1)
  A merfolk impaler (Shoals:1)
  A deep elf high priest (Elf:1)
  4 ogre magi (Orc:2)
  Fannar (D:11)
  4 boulder beetles
  Harold (D:8)
  A merfolk avatar (Shoals:1)
  13 hydras
  4 vault guards (D:13)
  2 merfolk aquamancers (Shoals:2)
  2 death knights
  20 two-headed ogres
  2 centaur warriors
  Erica (D:9)
  2 death scarabs (Gauntlet)
  A tengu warrior (D:15)
  6 death yaks
  A dancing weapon (D:15)
  An orc high priest (Orc:1)
  Urug (D:11)
  Nergalle (Lair:1)
  Sonja (D:11)
  3 deep elf knights
  A spectral catoblepas (Gauntlet)
  3 skeletal warriors (D:15)
  A wizard (D:13)
  2 unseen horrors
  6 sea snakes
  3 deep elf archers (Elf:1)
  A spectral hydra (Gauntlet)
  A phantasmal warrior (D:14)
  23 deep elf magi
  A necromancer (D:14)
  An orb spider (shapeshifter) (D:15)
  An iron dragon zombie (D:15)
  A wolf spider zombie (D:11)
  4 manticores
  2 orc knights
  A manticore (shapeshifter) (D:13)
  12 fauns
  Maurice (D:11)
  3 cyclopes
  10 merfolk sirens
  4 ugly things (D:14)
  An apocalypse crab (Gauntlet)
  13 elephants
  Psyche (D:9)
  5 black mambas
  3 gargoyles
  A torpor snail (Lair:6)
  24 cane toads (Lair:6)
  3 water nymphs
  An efreet (D:8)
  3 rime drakes
  13 komodo dragons
  Maggie (D:6)
  3 kobold demonologists (D:15)
  2 freezing wraiths (D:15)
  A tengu conjurer (D:13)
  A harpy zombie (D:15)
  4 trolls
  9 merfolk
  3 polar bears
  3 wind drakes
  A hornet (D:12)
  A harpy skeleton (D:15)
  5 tyrant leeches (Lair:6)
  A spriggan zombie (D:15)
  18 blink frogs
  6 slime creatures
  3 snapping turtles
  An ice dragon zombie (D:15)
  9 dream sheep
  A spectral black mamba (Gauntlet)
  3 vampires
  59 yaks
  A shadow (D:13)
  A wraith (D:13)
  Sigmund (D:6)
  A spriggan (shapeshifter) (D:14)
  8 water elementals
  4 wyverns
  Eustachio (D:4)
  A fire elemental (Elf:1)
  A human (D:13)
  7 basilisks
  6 vampire mosquitoes (Lair:6)
  A steam dragon (D:14)
  2 wargs (D:12)
  Menkaure (D:6)
  2 insubstantial wisps (D:10)
  3 soldier ants
  22 water moccasins
  7 black bears
  7 ice beasts
  5 sky beasts
  26 orc warriors
  An eye of draining (D:11)
  3 phantoms
  30 ogres
  2 necrophages
  13 wolves
  3 centaurs
  2 big kobolds
  3 earth elementals
  29 bullfrogs
  A yaktaur skeleton (D:15)
  7 scorpions
  12 killer bees
  6 wights (D:12)
  An electric eel (Lair:3)
  A howler monkey (D:5)
  A bullfrog zombie (D:12)
  2 quasits
  8 hounds
  11 orc priests
  13 orc wizards
  3 centaur skeletons
  13 jellies
  A gnoll shaman (D:8)
  6 bullfrog skeletons
  10 iguanas
  9 worker ants
  2 hound zombies
  5 gnolls
  18 adders
  3 shadow imps
  4 white imps
  An ufetubus (D:7)
  4 oozes
  An adder zombie (D:5)
  An adder skeleton (D:8)
  4 worms
  2 dart slugs
  5 leopard geckos
  71 orcs
  4 ball pythons
  12 giant cockroaches
  6 goblins
  8 hobgoblins
  9 jackals
  4 quokkas
  A ball python zombie (D:5)
  11 bats
  6 frilled lizards
  2 gnoll zombies (D:5)
  A jackal skeleton (D:8)
  16 kobolds
  5 rats
869 creatures vanquished.

Vanquished Creatures (others)
  A manticore (Shoals:2)
  A steam dragon (D:10)
  A quokka (D:11)
  A bush (Lair:6)
  55 fungi
  179 plants
  13 withered plants
251 creatures vanquished.

Grand Total: 1120 creatures vanquished

Notes
Turn   | Place    | Note
-------+----------+-------------------------------------------
     0 | D:1      | nomicflux the Gargoyle Earth Elementalist began the quest
                  | for the Orb.
     0 | D:1      | Reached XP level 1. HP: 10/10 MP: 3/3
   281 | D:1      | Reached XP level 2. HP: 16/16 MP: 0/5
   444 | D:1      | Reached skill level 1 in Fighting
   602 | D:1      | Reached skill level 4 in Earth Magic
   687 | D:1      | Reached XP level 3. HP: 20/20 MP: 0/6
   696 | D:1      | Learned a level 3 spell: Stone Arrow
  1253 | D:2      | Found a bloodstained altar of Trog.
  2016 | D:3      | Reached XP level 4. HP: 26/26 MP: 6/8
  2825 | D:3      | Reached XP level 5. HP: 25/31 MP: 9/9
  2914 | D:3      | Learned a level 5 spell: Lee's Rapid Deconstruction
  3075 | D:4      | Reached skill level 5 in Earth Magic
  3236 | D:4      | Reached skill level 1 in Conjurations
  3371 | D:4      | Found a runed translucent door.
  3387 | D:4      | Noticed YayAnonymity's ghost (amateur TrHu)
  3392 | D:4      | Noticed Eustachio
  3405 | D:4      | Killed Eustachio
  3405 | D:4      | Reached XP level 6. HP: 28/37 MP: 3/11
  3439 | D:5      | Entered Level 5 of the Dungeon
  3553 | D:5      | Reached XP level 7. HP: 37/42 MP: 10/12
  3798 | D:5      | Found a staircase to the Ecumenical Temple.
  3806 | Temple   | Entered the Ecumenical Temple
  3997 | Temple   | Became a worshipper of Vehumet
  4232 | D:5      | Reached skill level 6 in Earth Magic
  5320 | D:5      | Reached * piety under Vehumet
  5320 | D:5      | Offered knowledge of Freeze by Vehumet.
  5320 | D:5      | Reached XP level 8. HP: 28/48 MP: 3/14
  5464 | D:5      | Reached skill level 1 in Shields
  5926 | D:5      | Reached skill level 5 in Fighting
  5926 | D:5      | Reached skill level 1 in Staves
  6250 | D:5      | Found a basalt altar of Yredelemnul.
  6595 | D:6      | Reached skill level 7 in Earth Magic
  6781 | D:6      | Noticed Sigmund
  6786 | D:6      | Killed Sigmund
  6786 | D:6      | Reached skill level 5 in Spellcasting
  6786 | D:6      | Noticed Menkaure
  6791 | D:6      | Killed Menkaure
  6791 | D:6      | Reached XP level 9. HP: 34/54 MP: 2/16
  7078 | D:6      | Noticed Maggie
  7094 | D:6      | Killed Maggie
  7279 | D:5      | Reached skill level 5 in Conjurations
  7856 | D:7      | Noticed a two-headed ogre
  7861 | D:7      | Killed a two-headed ogre
  7861 | D:7      | Reached skill level 8 in Earth Magic
  7998 | D:7      | Offered knowledge of Magic Dart by Vehumet.
  8052 | D:7      | Reached ** piety under Vehumet
  8052 | D:7      | Reached XP level 10. HP: 61/61 MP: 12/18
  8114 | D:7      | Reached skill level 1 in Armour
  8196 | D:7      | Found Gaiphuqo's Weapon Shoppe.
  9361 | D:8      | Noticed a two-headed ogre
  9647 | D:8      | Killed a two-headed ogre
  9777 | D:8      | Offered knowledge of Dazzling Flash by Vehumet.
 10152 | D:8      | Reached *** piety under Vehumet
 10229 | D:8      | Noticed a centaur warrior
 10234 | D:8      | Killed a centaur warrior
 10234 | D:8      | Reached skill level 9 in Earth Magic
 10249 | D:8      | Reached XP level 11. HP: 34/67 MP: 0/21
 10376 | D:8      | Identified the cursed +2 lajatang of Disintegration {speed,
                  | rElec}
 10389 | D:8      | Reached skill level 5 in Staves
 10392 | D:8      | Noticed a manticore
 10397 | D:8      | Killed a manticore
 10910 | D:8      | Noticed Harold
 10971 | D:8      | Offered knowledge of Ignite Poison by Vehumet.
 11084 | D:8      | Killed Harold
 11281 | D:8      | Reached skill level 5 in Dodging
 11726 | D:9      | Noticed Psyche
 11734 | D:9      | Killed Psyche
 12047 | D:9      | Found a staircase to the Lair.
 12293 | D:9      | Noticed Erica
 12296 | D:9      | Killed Erica
 12523 | D:9      | Reached skill level 5 in Armour
 12889 | D:9      | Reached **** piety under Vehumet
 13001 | D:10     | Entered Level 10 of the Dungeon
 13108 | D:10     | Found Ixeruir's Book Shoppe.
 13117 | D:10     | Bought a book of Power for 675 gold pieces
 13127 | D:10     | Learned a level 6 spell: Iron Shot
 13133 | D:10     | Learned a level 5 spell: Bolt of Magma
 13268 | D:10     | Reached skill level 10 in Earth Magic
 13279 | D:10     | Reached skill level 1 in Maces & Flails
 13742 | D:11     | Reached XP level 12. HP: 75/75 MP: 2/23
 14033 | D:11     | Noticed a five-headed hydra
 14035 | D:11     | Killed a five-headed hydra
 14035 | D:11     | Noticed Urug
 14162 | D:11     | Killed Urug
 14284 | D:11     | Noticed Maurice
 14288 | D:11     | Killed Maurice
 14384 | D:11     | Noticed Sonja
 14575 | D:11     | Killed Sonja
 14697 | D:11     | Found a glowing golden altar of the Shining One.
 14861 | D:11     | Noticed Fannar
 14870 | D:11     | Killed Fannar
 14870 | D:11     | Offered knowledge of Inner Flame by Vehumet.
 15232 | D:11     | Reached skill level 1 in Fire Magic
 15396 | D:11     | Found Weemoly's Magic Scroll Boutique.
 15768 | Lair:1   | Entered Level 1 of the Lair of Beasts
 15910 | Lair:1   | Identified a scroll of acquirement
 15910 | Lair:1   | Acquired an uncursed staff of conjuration
 15997 | Lair:1   | Gained mutation: You are partially covered in yellow
                  | scales. (AC +2) [potion of mutation]
 15997 | Lair:1   | Gained mutation: You are partially covered in iridescent
                  | scales. (AC +2) [potion of mutation]
 16063 | Lair:1   | Noticed a seven-headed hydra
 16076 | Lair:1   | Killed a seven-headed hydra
 16108 | Lair:1   | Noticed Nergalle
 16213 | Lair:1   | Killed Nergalle
 16500 | Lair:1   | You fall into a shaft and drop 1 floor!
 16695 | Lair:1   | Reached skill level 11 in Earth Magic
 16712 | Lair:1   | Reached XP level 13. HP: 45/80 MP: 25/25
 19417 | Lair:3   | Reached skill level 10 in Fighting
 19443 | Lair:3   | Reached ***** piety under Vehumet
 19565 | Lair:3   | Offered knowledge of Irradiate by Vehumet.
 19589 | Lair:3   | Reached skill level 5 in Maces & Flails
 19590 | Lair:3   | Found a staircase to the Shoals.
 19931 | Lair:3   | Found a staircase to the Snake Pit.
 20758 | Lair:3   | Reached skill level 10 in Conjurations
 21354 | Lair:4   | Gained mutation: Your large and strong wings let you fly
                  | indefinitely. [Gargoyle growth]
 21354 | Lair:4   | Reached XP level 14. HP: 77/88 MP: 6/27
 21372 | Lair:4   | Reached skill level 5 in Fire Magic
 21707 | Lair:4   | Reached skill level 12 in Earth Magic
 22218 | Lair:5   | Found a gate leading to a gauntlet.
 22230 | Gauntlet | Entered a Gauntlet
 22230 | Gauntlet | Found a transporter.
 22239 | Gauntlet | Found a transporter.
 22240 | Gauntlet | Found a transporter.
 22243 | Gauntlet | Found a transporter.
 22244 | Gauntlet | Found a transporter.
 22245 | Gauntlet | Found a transporter.
 22253 | Gauntlet | Found a transporter.
 22256 | Gauntlet | Found a transporter.
 22322 | Gauntlet | Found a transporter.
 22323 | Gauntlet | Found a transporter.
 22324 | Gauntlet | Noticed a dire elephant
 22328 | Gauntlet | Found a transporter.
 22338 | Gauntlet | Found a transporter.
 22460 | Gauntlet | Got a dazzling helmet
 22466 | Gauntlet | Identified the +0 helmet of Least Resistance {rPois Dex+3
                  | Stlth+} (You found it in a Gauntlet)
 22547 | Gauntlet | HP: 5/132 [spectral catoblepas (11)]
 22866 | Gauntlet | Got a crude lead ring
 22872 | Gauntlet | Identified the ring "Fisimpupt" {rC+ rN+ Dex+6 Slay-5 SInv}
                  | (You found it in a Gauntlet)
 22885 | Gauntlet | Identified the +5 pearl dragon scales of Awe {rN+ rCorr}
 23402 | Lair:6   | Entered Level 6 of the Lair of Beasts
 24194 | Lair:6   | Reached skill level 10 in Spellcasting
 24528 | Lair:5   | Reached XP level 15. HP: 70/95 MP: 29/29
 25180 | Lair:5   | Reached skill level 13 in Earth Magic
 25564 | Lair:6   | Found a staircase to the Slime Pits.
 25628 | Lair:6   | Offered knowledge of Conjure Ball Lightning by Vehumet.
 26024 | Lair:6   | Reached ****** piety under Vehumet
 26812 | D:12     | Found a transporter.
 26816 | D:12     | Found the +3 hat of Pondering {ponderous, MR+ MP+10 Int+5}
 26817 | D:12     | Noticed Xeikkuus's ghost (journeyman MiFi)
 27374 | D:12     | Reached skill level 1 in Evocations
 27729 | D:12     | Found a transporter.
 27918 | D:12     | Found a staircase to the Orcish Mines.
 28044 | D:13     | Offered knowledge of Starburst by Vehumet.
 28827 | D:13     | Found a gate to the Vaults.
 29008 | D:13     | Found Reist's General Store.
 29013 | D:13     | Bought a potion of heal wounds for 70 gold pieces
 29601 | D:14     | Found a shadowy altar of Dithmenos.
 30328 | D:14     | Found Naygem's Gadget Boutique.
 30388 | D:14     | Found a runed translucent gate.
 30388 | D:14     | Found a runed translucent gate.
 30388 | D:14     | Found a runed translucent gate.
 30392 | D:14     | Noticed jasper's ghost (journeyman DECj)
 30392 | D:14     | Noticed Cicylist's ghost (journeyman FoFi)
 30392 | D:14     | Noticed Wogiaph's ghost (journeyman OgTm)
 31054 | D:15     | Entered Level 15 of the Dungeon
 31171 | D:15     | Identified the +3 scale mail "Myikloh" {rPois Int+6}
 31559 | D:15     | Reached XP level 16. HP: 103/103 MP: 7/30
 32043 | D:15     | Reached skill level 14 in Earth Magic
 32256 | D:15     | Found a staircase to the Depths.
 32675 | D:15     | Offered knowledge of Fireball by Vehumet.
 32682 | D:15     | Learned a level 5 spell: Fireball
 32885 | D:15     | Found a runed translucent door.
 32885 | D:15     | Found a shimmering altar of Xom.
 32885 | D:15     | Noticed TuffENuff's ghost (journeyman FoFi)
 32886 | D:15     | Identified the +7 great mace of the Walnut {chaos, rF+ rC+
                  | rN+}
 32895 | D:15     | Killed TuffENuff's ghost
 33408 | Orc:1    | Entered Level 1 of the Orcish Mines
 34033 | Orc:2    | Entered Level 2 of the Orcish Mines
 34044 | Orc:2    | Found a staircase to the Elven Halls.
 34262 | Orc:2    | Noticed Donald
 34421 | Orc:1    | Killed Donald
 34486 | Orc:1    | Reached skill level 10 in Armour
 34885 | Orc:2    | Offered knowledge of Ozocubu's Refrigeration by Vehumet.
 35256 | Orc:2    | Found Bytoefag's Magic Scroll Emporium.
 35256 | Orc:2    | Found Vimiyll's Antique Armour Shop.
 35257 | Orc:2    | Found Fyaluno's Distillery.
 35257 | Orc:2    | Found Feit's Antique Armour Shoppe.
 35265 | Orc:2    | Bought a faintly glowing cloak for 228 gold pieces
 35275 | Orc:2    | Identified the cursed +0 cloak "Posasox" {+Inv} (You bought
                  | it in a shop on level 2 of the Orcish Mines)
 35288 | Orc:2    | Bought 2 potions of haste for 280 gold pieces
 36215 | Elf:1    | Entered Level 1 of the Elven Halls
 36680 | Elf:1    | Found Laipa's Gadget Shoppe.
 36905 | Elf:1    | Found Hucek's Antique Weapon Shoppe.
 37360 | Elf:1    | Reached XP level 17. HP: 109/109 MP: 27/31
 37533 | Elf:1    | Found a shimmering blue altar of Sif Muna.
 37706 | Elf:1    | Found Yhohiq's Armour Boutique.
 37925 | Elf:1    | Found Rudol's Armour Boutique.
 38563 | Shoals:1 | Entered Level 1 of the Shoals
 38569 | Shoals:1 | Reached skill level 15 in Earth Magic
 39565 | Shoals:1 | Got a heavily runed diamond amulet
 40813 | Shoals:2 | Offered knowledge of Lightning Bolt by Vehumet.
 41634 | Shoals:2 | HP: 4/110 [wind drake/the air (26)]
 41637 | Shoals:2 | Killed from afar by a wind drake

Illustrated notes

Levels and vault maps discovered:
D:1:      evilmike_arrival_hilbert_curve, layout_rooms, serial_corexii_hall,
          corexii_hall_statues_x, chequers_hall_statues_y
D:2:      layout_rooms, hangedman_decor_opposing, trog_three_pillars_becter
D:3:      layout_basic
D:4:      layout_cave_pools, ebering_ghost_sewer_d, uniq_eustachio
D:5:      layout_basic, lemuel_zombie_altar_yredelemnul,
          minmay_temple_entry_grid, chequers_serial_rivers_micro_c
D:6:      layout_gridville, uniq_sigmund, uniq_menkaure, uniq_maggie
D:7:      layout_rooms, serial_shops, nicolae_shop_waterfront
D:8:      minmay_the_grid_triangle_9x9_rhombus_full
          [minmay_the_grid_triangle_9x9_dagger,
          minmay_the_grid_triangle_9x9_semitri,
          minmay_the_grid_triangle_9x9_steps,
          minmay_the_grid_triangle_9x9_checkered,
          minmay_the_grid_triangle_9x9_stretched_checkered,
          minmay_the_grid_triangle_9x9_flanged_cone,
          minmay_the_grid_triangle_9x9_odd_lines,
          minmay_the_grid_triangle_9x9_prize_schism], layout_basic, uniq_harold
D:9:      layout_grid_maze, grunt_lair_entry_orc_guard_hut, uniq_erica,
          uniq_psyche
D:10:     layout_basic, serial_shops, shop_fountains, hangedman_misty_isle
D:11:     layout_basic, serial_shops, nicolae_shop_waterfront, basic_altar,
          kennysheep_doodads, lemuel_flame_loot_1, uniq_sonja, uniq_fannar,
          uniq_urug, uniq_maurice
D:12:     kennysheep_ambush_hall, layout_loops_ring, orc_0_dummy,
          gammafunk_ghost_berserking_beasts
D:13:     layout_long_grid, grunt_vaults_entry_fortified, serial_shops, shop,
          nrook_pool_corridor
D:14:     layout_basic, lemuel_tele_altar, serial_shops, shop,
          gammafunk_ghost_cemetery
D:15:     gammafunk_depths_entry_grave, layout_basic,
          chequers_serial_rivers_micro_a, ebering_ghost_xom
Temple:   nicolae_temple_the_god_donut
Lair:1:   beast_lair_carwin_large_4, layout_layer_cave, uniq_nergalle
Lair:2:   layout_small_grid, lemuel_old_faithful, serial_bayou_shore_b
Lair:3:   layout_chaotic_city, elwin_shoals_entry_stream,
          minmay_snake_entry_six_corridors, serial_bayou_pond_a,
          minmay_shattered_shrine, infiniplex_staircase_pool
Lair:4:   layout_gridlike, serial_bayou_shore_a
Lair:5:   layout_layer_cave, gauntlet_entry_generic, grunt_megastairs_3
Lair:6:   minmay_lair_end_frog_pond, layout_concentric_octagons,
          minmay_slime_entry_jelly_boxes
Shoals:1: layout_shoals
Shoals:2: layout_shoals
Orc:1:    layout_diamond_mine, serial_shops, statue_in_the_mist_lemuel,
          rock_pile
Orc:2:    st_orc_ogre_mass, layout_caves, uniq_donald
Elf:1:    layout_gridlike, basic_altar, serial_shops, shop, shop, shop,
          nicolae_shop_stone, minmay_elf_crystal_heptagon, corexii_checkpoint_a,
          nicolae_elf_big_sculpture_2

Skill      XL: |  1  2  3  4  5  6  7  8  9 10 11 12 13 14 15 16 17 |
---------------+----------------------------------------------------+-----
Fighting       | 1 2 3 4 5 6 7 8 9 10 11 12 13 | 13.9
Earth Magic    | 4 5 6 7 8 9 10 11 12 13 14 15 | 15.3
Spellcasting   | 3 4 5 6 7 8 9 10 | 10.4
Conjurations   | 2 3 4 5 6 8 9 10 11 12 | 12.1
Shields        | 2 4 |  4.4
Dodging        | 2 3 4 5 6 7 8 |  8.0
Staves         | 2 3 4 6 7 8 |  8.5
Armour         | 3 5 6 7 9 10 11 | 11.3
Maces & Flails | 1 3 5 6 7 8 |  8.5
Fire Magic     | 2 4 6 8 |  8.0
Evocations     | 3 |  3.0
Stealth        | |  2.1
Transmutations | |  0.7

Action                   |  1- 3 |  4- 6 |  7- 9 | 10-12 | 13-15 | 16-18 || total
-------------------------+-------+-------+-------+-------+-------+-------++-------
Melee: Spear             |    47 |       |       |       |       |       ||    47
       Unarmed           |     2 |       |       |       |       |       ||     2
       Whip              |     9 |   108 |   215 |       |       |       ||   332
       Quarterstaff      |       |       |   124 |   202 |       |       ||   326
       Eveningstar       |       |       |       |   224 |   765 |   333 ||  1322
       Lajatang          |       |       |       |    60 |       |       ||    60
       Staff             |       |       |       |       |   180 |       ||   180
 Cast: Sandblast         |    57 |    27 |    32 |       |       |       ||   116
       Stone Arrow       |       |       |    65 |    79 |    35 |    14 ||   193
       Lee's Rapid Decon |       |       |       |    54 |   102 |    86 ||   242
       Iron Shot         |       |       |       |     7 |   106 |   118 ||   231
       Bolt of Magma     |       |       |       |     1 |    23 |     3 ||    27
       Fireball          |       |       |       |       |       |    48 ||    48
 Abil: Fly               |       |       |       |       |     1 |     1 ||     2
       Stop Flying       |       |       |       |       |     1 |       ||     1
  Use: Scroll            |       |     9 |       |    22 |     9 |     1 ||    41
       Potion            |       |       |       |     3 |     9 |     2 ||    14
 Stab: Sleeping          |       |     1 |     1 |     2 |     2 |       ||     6
Armor: Robe              |    31 |    72 |   196 |   114 |       |       ||   413
       Steam dragon scal |       |       |       |   195 |   219 |       ||   414
       Pearl dragon scal |       |       |       |       |   676 |   320 ||   996
Dodge: Dodged            |    62 |   124 |   300 |   397 |   834 |   308 ||  2025
Block: Buckler           |       |       |       |    34 |   327 |   105 ||   466

Table legend: (Time is in decaauts)
 A = Elapsed time spent in this place.
 B = Non-inter-level travel time spent in this place.
 C = Inter-level travel time spent in this place.
 D = Time resting spent in this place.
 E = Time spent auto-exploring this place.
 F = Levels seen in this place.
 G = Mean time per level.
                   A        B        C        D        E       F      G
               +--------+--------+--------+--------+--------+-----+--------+
         Total |  42041 |  39468 |   2573 |  11544 |  19042 |  28 | 1501.5 |
       Dungeon |  22982 |  21377 |   1605 |   5890 |  10855 |  15 | 1532.1 |
        Temple |    404 |    395 |      9 |      0 |    388 |   1 |  404.0 |
          Lair |  10124 |   9367 |    757 |   2166 |   5105 |   6 | 1687.3 |
        Shoals |   3146 |   3132 |     14 |   1434 |   1199 |   2 | 1573.0 |
  Orcish Mines |   2721 |   2583 |    138 |   1032 |    933 |   2 | 1360.5 |
   Elven Halls |   1646 |   1597 |     49 |    576 |    561 |   1 | 1646.0 |
      Gauntlet |   1016 |   1016 |      0 |    445 |      0 |   1 | 1016.0 |
               +--------+--------+--------+--------+--------+-----+--------+

Top non-repeatable levels by time:
     D:8: 2575 daAuts
  Lair:1: 2391 daAuts
    D:14: 2286 daAuts
Shoals:1: 2276 daAuts
     D:5: 2259 daAuts
  Lair:6: 2237 daAuts
    D:11: 1999 daAuts
  Lair:3: 1881 daAuts
    D:12: 1719 daAuts
    D:15: 1676 daAuts
   Elf:1: 1646 daAuts
   Orc:2: 1602 daAuts
     D:9: 1523 daAuts
  Lair:2: 1447 daAuts
     D:7: 1406 daAuts
